 Dungeon Sprint DCSS version 0.24-a0-36-gf1fd2d0 (webtiles) character file.

Game seed: 13370931219491745043

11317 tatocazan the Fencer (level 11, -13/107 HPs)
             Began as a Minotaur Fighter on Feb 2, 2019.
             Was the Champion of Makhleb.
             Mangled by an orc warlord
             ... wielding a +0 war axe
              (39 damage)
             ... while paralysed by a vampire knight
             ... in the Dungeon (Sprint VII: "The Pits").
             The game lasted 00:12:14 (2737 turns).

tatocazan the Fencer (Minotaur Fighter)             Turns: 2737, Time: 00:12:14

Health: -13/107    AC: 18    Str: 21    XL:     11   Next: 47%
Magic:  18/18      EV:  2    Int:  5    God:    Makhleb [******]
Gold:   26         SH:  0    Dex: 13    Spells: 10/10 levels left

rFire    + . .     SeeInvis .   r - +0 scimitar (flame)
rCold    . . .     Gourm    .   c - +0 shield
rNeg     + . .     Faith    .   q - +4 chain mail
rPois    .         Spirit   .   (helmet restricted)
rElec    .         Reflect  .   a - +0 cloak
rCorr    .         Harm     .   (no gloves)
MR       .....     NoTele   +   (no boots)
Stlth    ..........             (no amulet)
HPRegen  0.27/turn              F - ring of protection from fire
MPRegen  0.16/turn              A - ring of positive energy

@: paralysed, lightly drained
A: retaliatory headbutt, horns 2
a: Minor Destruction, Lesser Servant of Makhleb, Major Destruction, Greater
Servant of Makhleb, Renounce Religion


You were in the Dungeon.
You worshipped Makhleb.
Makhleb was exalted by your worship.
You were not hungry.

You visited 1 branch You collected 26 gold pieces.

Inventory:

Hand Weapons
 r - a +0 scimitar of flaming (weapon)
 u - a +2 scimitar of holy wrath
Armour
 a - a +0 cloak (worn)
 c - a +0 shield (worn)
 q - a +4 chain mail (worn)
 E - a +0 pair of boots
Jewellery
 b - a +3 ring of strength
 t - a +3 ring of intelligence
 A - a ring of positive energy (right hand)
 B - an uncursed ring of positive energy
 F - a ring of protection from fire (left hand)
Wands
 C - a wand of flame (10)
 D - a wand of iceblast (5)
Scrolls
 k - a scroll of blinking
 m - 4 scrolls of remove curse
 n - 5 scrolls of amnesia
 o - a scroll of summoning
 v - 2 scrolls of enchant weapon
 w - 5 scrolls of fog
 x - 4 scrolls of enchant armour
 y - a scroll of identify
 z - a scroll of fear
Potions
 d - 2 potions of might
 e - 3 potions of curing
 g - 11 potions of heal wounds
 h - a potion of haste
 i - 4 potions of magic
 j - 7 potions of berserk rage
 l - 2 potions of invisibility
 p - 2 potions of mutation
 s - a potion of agility
 G - 2 potions of cancellation
 H - a potion of resistance
 I - a potion of brilliance
Comestibles
 f - 7 rations


   Skills:
 + Level 13.3(13.0) Fighting
 * Level 17.4(17.0) Long Blades
 + Level 13.4(13.1) Armour
 + Level 11.9(11.6) Dodging
 + Level 13.3(13.0) Shields
 + Level 11.0(10.6) Invocations


You had 10 spell levels left.
You didn't know any spells.
Your spell library contained the following spells:

 Spells                   Type           Power        Failure   Level  Hunger
 Malign Gateway           Summ/Tloc      #.........   100%        7    #######
 Monstrous Menagerie      Summ           #.........   100%        7    #######
 Summon Greater Demon     Summ           #.........   100%        7    #######
 Summon Horrible Things   Summ           #.........   100%        8    #######


Dungeon Overview and Level Annotations

Branches:
Dungeon (1/1)

Altars:
Ashenzari
Cheibriados
Dithmenos
Elyvilon
Fedhas
Gozag
Hepliaklqana
Kikubaaqudgha
Makhleb
Nemelex Xobeh
Okawaru
Qazlal
Ru
Sif Muna
Trog
Uskayaw
Vehumet
Wu Jian
Xom
Yredelemnul
Zin
The Shining One
Beogh
Jiyva
Lugonu

Annotations:
D Sonja


Innate Abilities, Weirdness & Mutations

You reflexively headbutt those who attack you in melee.
You have a pair of horns on your head.


Message History

The orc warlord is covered in liquid flames!
The vampire knight burns!
The orc warlord burns!
The vampire knight points at you and mumbles some strange words.
You suddenly lose the ability to move!
Your orange demon stings the sun demon but does no damage.
The vampire knight gestures wildly while chanting.
The vampire knight flickers and vanishes for a moment.
The orc warlord hits you with a +0 war axe!!
The orc warlord hits your orange demon but does no damage.
The vampire knight burns!
The orc warlord burns!
The vampire knight hits you with a +2 great sword of draining!
* * * LOW HITPOINT WARNING * * *
You partially resist.
You feel drained.
* * * LOW HITPOINT WARNING * * *
The vampire knight bites you.
* * * LOW HITPOINT WARNING * * *
The vampire knight draws strength from your injuries!
Your orange demon closely misses the sun demon.
The orc warlord hits you with a +0 war axe!!!
You die...

##############################+#
.†............3o4.)......§.....#
..............oV@.)......5.....#
#############oo##############3.#
#.oo§3 #..# #....o. #35#
#...o..# #55# ###oo### #5.#


.ooo #5.# .... #..# #..# You could see 2 orc warlords, a vampire knight
(burning), 4 orc knights, a sun demon and a friendly orange demon.

Vanquished Creatures
  A merfolk avatar (D)
  3 skeletal warriors (D)
  A flayed ghost (D)
  A harpy (shapeshifter) (D)
  A deep elf mage (D)
  An elephant (D)
  2 spiny frogs (D)
  A hornet (D)
  A troll (D)
  5 blink frogs (D)
  A redback (D)
  A spriggan (D)
  3 yaks (D)
  A soldier ant (D)
  2 hell hounds (D)
  A porcupine (D)
  2 floating eyes (D)
  2 big kobolds (D)
  2 bullfrogs (D)
  3 wights (D)
  A jelly (D)
  An iron imp (D)
  An orc wizard (D)
  A gnoll (D)
  2 river rats (D)
  An ooze (D)
  An adder skeleton (D)
  3 adder zombies (D)
  4 orcs (D)
  A giant cockroach (D)
  A goblin (D)
  2 jackals (D)
  A quokka (D)
  2 bats (D)
  A rat (D)
58 creatures vanquished.

Vanquished Creatures (collateral kills)
  Azrael (D)
  A hydra (D)
  A great orb of eyes (D)
  A two-headed ogre (D)
  A swamp dragon (D)
  An orc knight (D)
  A manticore (D)
  A cyclops (D)
  A smoke demon (D)
  A molten gargoyle (D)
  An orange demon (D)
  A guardian mummy (D)
  A red devil (D)
  Prince Ribbit (D)
  2 tarantellas (D)
  A fire elemental (D)
  6 yaks (D)
  A warg (D)
  A soldier ant (D)
  An acid dragon (D)
  3 hell hounds (D)
  A porcupine (D)
  An eye of draining (D)
  A centaur (D)
  A scorpion (D)
  3 orc priests (D)
  A jelly (D)
  An orc wizard (D)
  A leopard gecko (D)
  6 orcs (D)
  A hobgoblin (D)
  A kobold (D)
  A jackal skeleton (D)
48 creatures vanquished.

Vanquished Creatures (others)
  An orc (D)
  A giant cockroach zombie (D)
2 creatures vanquished.

Grand Total: 108 creatures vanquished

Notes
Turn   | Place    | Note
-------+----------+-------------------------------------------
     0 | D        | tatocazan the Minotaur Fighter began the quest for the Orb.
     0 | D        | Reached XP level 1. HP: 19/19 MP: 0/0
    11 | D        | Reached skill level 3 in Long Blades
    11 | D        | Reached skill level 1 in Dodging
    11 | D        | Reached XP level 2. HP: 27/27 MP: 1/1
    37 | D        | Found a bloodstained altar of Trog.
    37 | D        | Found a deep blue altar of Sif Muna.
    37 | D        | Found a viscous altar of Jiyva.
    37 | D        | Found a hazy altar of Hepliaklqana.
    37 | D        | Found an opulent altar of Gozag.
    38 | D        | Found a glowing golden altar of the Shining One.
    38 | D        | Found a glowing silver altar of Zin.
    38 | D        | Found a basalt altar of Yredelemnul.
    38 | D        | Found a shimmering altar of Xom.
    38 | D        | Found an ornate altar of the Wu Jian Council.
    38 | D        | Found a sacrificial altar of Ru.
    38 | D        | Found a stormy altar of Qazlal.
    38 | D        | Found an iron altar of Okawaru.
    38 | D        | Found a sparkling altar of Nemelex Xobeh.
    38 | D        | Found a burning altar of Makhleb.
    38 | D        | Found a blossoming altar of Fedhas.
    38 | D        | Found a white marble altar of Elyvilon.
    38 | D        | Found a shadowy altar of Dithmenos.
    38 | D        | Found a snail-covered altar of Cheibriados.
    39 | D        | Found a radiant altar of Vehumet.
    39 | D        | Found a corrupted altar of Lugonu.
    39 | D        | Found a roughly hewn altar of Beogh.
    40 | D        | Found a hide-covered altar of Uskayaw.
    40 | D        | Found an ancient bone altar of Kikubaaqudgha.
    40 | D        | Found a shattered altar of Ashenzari.
    46 | D        | Became a worshipper of Makhleb the Destroyer
    65 | D        | Noticed a floating eye
    68 | D        | Reached skill level 4 in Long Blades
    68 | D        | Reached skill level 1 in Invocations
    68 | D        | Paralysed by a floating eye for 3 turns
    71 | D        | Killed a floating eye
    71 | D        | Reached * piety under Makhleb
    71 | D        | Reached skill level 5 in Fighting
    71 | D        | Reached skill level 6 in Long Blades
    71 | D        | Reached skill level 5 in Armour
    71 | D        | Reached skill level 5 in Shields
    71 | D        | Reached XP level 3. HP: 36/36 MP: 1/4
    71 | D        | Reached XP level 4. HP: 42/42 MP: 1/5
   223 | D        | Noticed a floating eye
   231 | D        | Paralysed by a floating eye for 4 turns
   240 | D        | Killed a floating eye
   240 | D        | Reached ** piety under Makhleb
   240 | D        | Reached skill level 8 in Long Blades
   240 | D        | Reached XP level 5. HP: 50/51 MP: 6/6
   372 | D        | Reached *** piety under Makhleb
   376 | D        | Reached XP level 6. HP: 58/58 MP: 8/8
   383 | D        | Reached **** piety under Makhleb
   383 | D        | Reached skill level 5 in Dodging
   385 | D        | Reached skill level 9 in Long Blades
   420 | D        | Reached ***** piety under Makhleb
   420 | D        | Reached skill level 5 in Invocations
   564 | D        | Noticed a tarantella
   576 | D        | Killed a tarantella
   576 | D        | Reached skill level 10 in Long Blades
   576 | D        | Reached XP level 7. HP: 32/68 MP: 8/10
   753 | D        | Noticed Prince Ribbit
   758 | D        | Killed Prince Ribbit
   773 | D        | Noticed a smoke demon
   773 | D        | Noticed Sonja
   781 | D        | Killed a smoke demon
   781 | D        | Reached skill level 11 in Long Blades
  1042 | D        | Noticed a deep elf mage
  1051 | D        | Reached XP level 8. HP: 68/77 MP: 11/11
  1055 | D        | Killed a deep elf mage
  1055 | D        | Reached ****** piety under Makhleb
  1055 | D        | Reached skill level 12 in Long Blades
  1170 | D        | Noticed a swamp dragon
  1170 | D        | Noticed a guardian mummy
  1170 | D        | Noticed a two-headed ogre
  1170 | D        | Noticed an orc knight
  1170 | D        | Noticed a troll
  1187 | D        | Killed an orc knight
  1194 | D        | Killed a two-headed ogre
  1194 | D        | Reached skill level 10 in Armour
  1194 | D        | Reached skill level 10 in Shields
  1194 | D        | Reached XP level 9. HP: 28/85 MP: 13/13
  1203 | D        | Killed a swamp dragon
  1203 | D        | Reached skill level 10 in Fighting
  1203 | D        | Reached skill level 13 in Long Blades
  1210 | D        | Killed a troll
  1210 | D        | Killed a guardian mummy
  1539 | D        | Noticed a manticore
  1539 | D        | Noticed a five-headed hydra
  1554 | D        | Noticed a molten gargoyle
  1555 | D        | Killed a manticore
  1562 | D        | Killed a molten gargoyle
  1567 | D        | Killed a five-headed hydra
  1567 | D        | Reached skill level 14 in Long Blades
  1608 | D        | Noticed a great orb of eyes
  1612 | D        | Reached XP level 10. HP: 96/96 MP: 15/15
  1619 | D        | Killed a great orb of eyes
  1619 | D        | Reached skill level 10 in Dodging
  1627 | D        | Reached skill level 15 in Long Blades
  1690 | D        | Noticed a spiny frog
  1704 | D        | Killed a spiny frog
  1728 | D        | Noticed an elephant
  1737 | D        | Killed an elephant
  1774 | D        | Noticed a cyclops
  1774 | D        | Noticed an orange demon
  1803 | D        | Killed an orange demon
  1814 | D        | Killed a cyclops
  1820 | D        | Noticed Azrael
  1821 | D        | Reached skill level 16 in Long Blades
  1826 | D        | Reached skill level 10 in Invocations
  1854 | D        | Killed Azrael
  2239 | D        | Noticed a skeletal warrior
  2240 | D        | Noticed a flayed ghost
  2240 | D        | Noticed a skeletal warrior
  2240 | D        | Noticed a skeletal warrior
  2246 | D        | Reached XP level 11. HP: 79/105 MP: 17/17
  2263 | D        | Killed a skeletal warrior
  2267 | D        | Killed a flayed ghost
  2274 | D        | Killed a skeletal warrior
  2290 | D        | Killed a skeletal warrior
  2633 | D        | Noticed a harpy
  2633 | D        | a tarantella changed into a harpy
  2640 | D        | Killed a harpy
  2640 | D        | Reached skill level 17 in Long Blades
  2652 | D        | Noticed a spriggan rider
  2673 | D        | Noticed a merfolk avatar
  2695 | D        | Killed a merfolk avatar
  2724 | D        | Noticed a sun demon
  2724 | D        | Noticed a vampire knight
  2724 | D        | Noticed an orc knight
  2724 | D        | Noticed an orc knight
  2724 | D        | Noticed an orc knight
  2725 | D        | Noticed an orc warlord
  2726 | D        | Noticed an orc warlord
  2726 | D        | Noticed an orc knight
  2727 | D        | Noticed an orc knight
  2727 | D        | Noticed an orc knight
  2728 | D        | Noticed an orc knight
  2728 | D        | Noticed an orc knight
  2736 | D        | Paralysed by a vampire knight for 3 turns
  2737 | D        | Mangled by an orc warlord

Vault maps used:
D:        pitsprint

Skill      XL: |  1  2  3  4  5  6  7  8  9 10 11 |
---------------+----------------------------------+-----
Fighting       | 4 5 6 8 9 11 12 13 | 13.3
Long Blades    | 3 6 8 10 11 12 14 16 17 | 17.4
Armour         | 4 5 6 8 10 11 12 13 | 13.4
Dodging        | 1 3 4 6 7 8 9 11 | 11.9
Shields        | 4 5 6 8 10 11 12 13 | 13.3
Invocations    | 2 3 4 5 6 7 8 10 11 | 11.0

Action                   |  1- 3 |  4- 6 |  7- 9 | 10-12 || total
-------------------------+-------+-------+-------+-------++-------
Melee: Long sword        |     7 |    71 |       |       ||    78
       Headbutt          |     3 |    13 |     6 |    30 ||    52
       Scimitar          |       |       |    36 |   111 ||   147
Invok: Lesser Servant of |       |     1 |    18 |    22 ||    41
       Major Destruction |       |       |       |     7 ||     7
  Use: Potion            |       |     2 |     3 |     6 ||    11
 Stab: Distracted        |       |       |       |     2 ||     2
  Eat: Ration            |       |       |     1 |     1 ||     2
Armor: Scale mail        |       |    10 |       |       ||    10
       Chain mail        |       |    10 |    16 |    23 ||    49
Dodge: Dodged            |     3 |    16 |     6 |    35 ||    60
Block: Shield            |     2 |    33 |    15 |    61 ||   111
       Rpst.: Long sword |     1 |     2 |     1 |       ||     4
       Scimitar          |       |       |     1 |     6 ||     7

Table legend:
 A = Non-vault XP
 B = Vault XP
 C = Vault XP percentage of total XP
 D = Non-vault monster count
 E = Vault monster count
 F = Vault count percentage of total count
                 A         B        C        D         E       F
            +---------+---------+-------+---------+---------+-------
      Total |     220 |   15948 |  98.6 |       1 |     105 |  99.1
            +---------+---------+-------+---------+---------+-------
          D |     220 |   15948 |  98.6 |       1 |     105 |  99.1
            +---------+---------+-------+---------+---------+-------
